 Dungeon Crawl Stone Soup version 0.13.1-2-gfb2c2b7 (webtiles) character file.

368 Lilouch the Firebug (level 5, -2/28 HPs)
             Began as a Tengu Fire Elementalist on Dec 4, 2013.
             Killed by divine providence
             ... invoked by an orc priest
              (12 damage)
             ... on Level 3 of the Dungeon.
             The game lasted 00:09:35 (1995 turns).

Lilouch the Firebug (Tengu Fire Elementalist)       Turns: 1995, Time: 00:09:35

HP  -2/28        AC  2     Str  8      XL: 5   Next: 30%
MP   4/10        EV 12     Int 17      God:
Gold 220         SH  9     Dex 14      Spells:  1 memorised,  6 levels left

Res.Fire  : . . .   See Invis. : .   d - +1 spear
Res.Cold  : . . .   Warding    : .   a - +0 robe
Life Prot.: . . .   Conserve   : .   f - +0 buckler
Res.Poison: .       Res.Corr.  : .   (helmet restricted)
Res.Elec. : .       Clarity    : .   (no cloak)
Sust.Abil.: . .     Spirit.Shd : .   (no gloves)
Res.Mut.  : .       Stasis     : +   (boots unavailable)
Res.Rott. : .       Flight     : .   k - amulet of stasis
Saprovore : . . .                    (no ring)
                                     (no ring)

@: slightly resistant to hostile enchantments, fairly stealthy
A: able to fly, beak, talons 3
a: Fly


You were on level 3 of the Dungeon.
You were not hungry.

You visited 1 branch of the dungeon, and saw 3 of its levels.

You collected 200 gold pieces.

Inventory:

Hand weapons
 d - a +1,+1 spear (weapon)
 e - a +0,+0 orcish dagger (quivered)
 y - a +0,+1 orcish dagger
Missiles
 m - 21 bolts
Armour
 a - a +0 robe (worn)
 f - a +0 buckler (worn)
 n - a +0 leather armour of magic resistance
Magical devices
 l - a wand of flame (20) {unknown}
Comestibles
 c - 2 bread rations
 h - a meat ration
 A - a rotting chunk of quokka flesh
 B - a chunk of orc flesh
Scrolls
 g - a scroll of fear
 i - a scroll of noise {unknown}
 o - a scroll of teleportation
 p - 2 scrolls of remove curse
 q - 2 scrolls of curse armour {unknown}
 r - 2 scrolls of curse jewellery {unknown}
 s - a scroll of identify {unknown}
 v - 2 scrolls of fog {unknown}
Jewellery
 k - an amulet of stasis (around neck)
Potions
 j - a potion of curing {unknown}
 t - a potion of flight {unknown}
 u - a potion of confusion {unknown}
 x - a potion of agility {unknown}
 z - a potion of resistance {unknown}
Books
 b - a book of Flames

   Spells                             Type                      Level
   *Flame Tongue                      Conjuration/Fire             1
   Throw Flame                        Conjuration/Fire             2
   Conjure Flame                      Conjuration/Fire             3
   Inner Flame                        Hexes/Fire                   3
   Sticky Flame                       Conjuration/Fire             4
   Fireball                           Conjuration/Fire             5


   Skills:
 - Level 2.1 Dodging
 - Level 2.0 Stealth
 * Level 2.6 Shields
 + Level 1.5 Spellcasting
 + Level 3.0 Conjurations
 * Level 4.6 Fire Magic


You had 6 spell levels left.
You knew the following spells:

 Your Spells              Type           Power        Failure   Level  Hunger
a - Flame Tongue          Conj/Fire      ##...        4%          1    ##.....


Dungeon Overview and Level Annotations

Branches:
Dungeon (3/27)

Altars:
Yredelemnul


Innate Abilities, Weirdness & Mutations

You can fly.
You have a beak for a mouth.
You have claws for feet.


Message History

Confirm with . or Enter, or press ? or * to list all spells.
Aiming: Flame Tongue
Press: ? - help, Shift-Dir - straight line, f/p - adder
Aim: an adder (severely wounded)
The flame hits the adder.
The adder is almost dead.
The adder barely misses you.
Casting: Flame Tongue
Confirm with . or Enter, or press ? or * to list all spells.
Aiming: Flame Tongue
Press: ? - help, Shift-Dir - straight line, f/p - adder
Aim: an adder (almost dead)
The flame hits the adder.
You kill the adder!
Your Conjurations skill increases to level 3!
The orc throws an orcish spear.
The orcish spear misses you.
The orc priest glows brightly for a moment.
The orc priest mumbles some strange prayers to Beogh against you.
Something smites you!
You die...

########## #.#
#.#.#.# #.#
#.#.#.# #.#
#.#<#.# #.#
#.#.#.# #.#
#.#.#.# #.#
#.#.#.# #.#
#.#.... #.# #.#.
#@# #o# #o# #.#
#)####
....####%...####.
....oo.o.......)..
.)..o######.####.
.. .#


You could see an orc priest and 2 orcs.

Vanquished Creatures
  A giant goldfish zombie (D:3)
  2 adders
  A big fish zombie (D:3)
  An inept item mimic (D:2)
  A worm (D:2)
  An orc (D:3)
  9 bats
  2 giant cockroaches
  5 goblins
  9 hobgoblins
  6 jackals
  2 quokkas (D:2)
  A giant gecko (D:3)
  3 giant newts
  3 kobolds
  11 rats
58 creatures vanquished.

Notes
Turn   | Place    | Note
--------------------------------------------------------------
     0 | D:1      | Lilouch, the Tengu Fire Elementalist, began the quest for the Orb.
     0 | D:1      | Reached XP level 1. HP: 10/10 MP: 3/3
   184 | D:1      | Reached XP level 2. HP: 12/15 MP: 1/5
   462 | D:1      | Reached skill level 4 in Fire Magic
   612 | D:1      | Reached XP level 3. HP: 19/19 MP: 3/6
   622 | D:1      | Reached skill level 1 in Shields
  1421 | D:2      | Reached XP level 4. HP: 24/24 MP: 0/8
  1818 | D:3      | Reached XP level 5. HP: 28/28 MP: 10/10
  1844 | D:3      | Found a basalt altar of Yredelemnul.
  1995 | D:3      | Killed from afar by an orc priest

Action                   |  1- 3 |  4- 6 || total
-------------------------+-------+-------++-------
Melee: Spear             |    38 |    57 ||    95
Throw: Dagger            |     1 |     1 ||     2
 Cast: Flame Tongue      |    64 |    26 ||    90
 Abil: Fly               |       |     1 ||     1
  Use: Scroll            |       |     3 ||     3
 Stab: Sleeping          |     1 |       ||     1
